 Dungeon Crawl Stone Soup version 0.24.1-14-gf8d2b509d9 (webtiles) character file.

Game seed: 667517329871226221, levelgen mode: deterministic

557 Gabide the Cudgeler (level 7, 0/52 HPs)
             Began as a Human Wanderer on May 19, 2020.
             Succumbed to an orc wizard's poison
             ... on level 4 of the Dungeon.
             The game lasted 00:11:07 (4041 turns).

Gabide the Cudgeler (Human Wanderer)                Turns: 4041, Time: 00:11:08

Health: 0/52       AC:  8    Str: 14 (17) XL:     7   Next: 56%
Magic:  7/7        EV: 11    Int: 12 (14) God:
Gold:   138        SH:  7    Dex:  9 (12) Spells: 6/6 levels left

rFire    . . .     SeeInvis .   a - +2 mace
rCold    . . .     Gourm    .   c - +1 buckler
rNeg     . . .     Faith    .   b - +3 leather armour
rPois    .         Spirit   .   s - +0 helmet
rElec    .         Reflect  +   (no cloak)
rCorr    .         Harm     .   m - +0 pair of gloves
MR       .....                  (no boots)
Stlth    ++........             k - +2 amulet of reflection
HPRegen  0.17/turn              g - +4 ring of strength
MPRegen  0.10/turn              (no ring)

@: lethally poisoned (0 -> -8)
A: no striking features
a: no special abilities


You were on level 4 of the Dungeon.
You were not hungry.

You visited 1 branch of the dungeon, and saw 4 of its levels.

You collected 138 gold pieces.

Inventory:

Hand Weapons
 a - a +2 mace (weapon)
 d - a +0 dagger
 i - a +0 whip
 v - a +0 long sword
Armour
 b - a +3 leather armour (worn)
 c - a +1 buckler (worn)
 m - a +0 pair of gloves (worn)
 s - a +0 helmet (worn)
Jewellery
 g - a +4 ring of strength (left hand)
 k - a +2 amulet of reflection (around neck)
Scrolls
 e - 4 scrolls of identify
 j - a scroll of teleportation
 n - 6 scrolls of remove curse
 r - 2 scrolls of fog
Potions
 p - 2 potions of cancellation
Comestibles
 f - 9 rations
 l - 2 chunks of flesh


   Skills:
 * Level 3.0 Fighting
 - Level 1.0 Short Blades
   Level 1.0(3.4) Axes
 * Level 5.2(5.3) Maces & Flails
 - Level 1.0 Throwing
 + Level 2.6 Armour
 + Level 1.6 Dodging
 - Level 3.0 Stealth
 * Level 3.2 Shields


You had 6 spell levels left.
You didn't know any spells.
Your spell library contained the following spells:

 Spells                   Type           Power        Failure   Level  Hunger
 Animate Skeleton         Necr           N/A          41%         1    ##.....
 Apportation              Tloc           #.....       41%         1    ##.....
 Confusing Touch          Hex            #.....       41%         1    ##.....
 Summon Small Mammal      Summ           #...         41%         1    ##.....
 Confuse                  Hex            #.......     80%         3    ####...
 Gell's Gravitas          Tloc           #.........   80%         3    ####...
 Petrify                  Tmut/Erth      #.......     99%         4    #####..
 Metabolic Englaciation   Hex/Ice        #.........   100%        5    ######.
 Yara's Violent Unravell  Hex/Tmut       #.........   100%        5    ######.


Dungeon Overview and Level Annotations

Branches:
Dungeon (4/15)
 Temple: D:4-7

Altars:
Kikubaaqudgha
Vehumet

Annotations:
D:3 3 runed translucent doors, Descartes's ghost, amateur FoFi


Message History

You kill the orc wizard!
Your surroundings suddenly seem different.
* * * LOW HITPOINT WARNING * * *
You feel sick.
Found 22 bolts and a trident.
There is a lethal amount of poison in your body!
It was a potion of degeneration.
There was something very wrong with that liquid.
You feel weakened.
You feel dopey.
You feel clumsy.
* * * LOW HITPOINT WARNING * * *
You feel sick.
* * * LOW HITPOINT WARNING * * *
You feel sick.
* * * LOW HITPOINT WARNING * * *
You feel sick.
* * * LOW HITPOINT WARNING * * *
You feel sick.
* * * LOW HITPOINT WARNING * * *
You feel sick.
You die...

## #+ .###. ....
... .. .. ... #.
##
...###.###.###+#
.).....@.......+
...............#
.(.............#
...............#
...............#
#
+####..#########
. #.. . #... .
#...


There were no monsters in sight!

Vanquished Creatures
  An ogre (D:4)
  A howler monkey (D:4)
  An orc priest (D:4)
  5 orc wizards
  A centaur skeleton (D:3)
  3 worker ants (D:4)
  A hound skeleton (D:2)
  8 adders
  An ooze (D:4)
  2 worms
  A dart slug (D:3)
  5 orcs (D:4)
  2 ball pythons (D:3)
  5 giant cockroaches
  5 goblins
  6 hobgoblins
  6 jackals (D:1)
  6 kobolds
  3 quokkas
  3 bats
  7 frilled lizards
  8 rats
81 creatures vanquished.

Notes
Turn   | Place    | Note
-------+----------+-------------------------------------------
     0 | D:1      | Gabide the Human Wanderer began the quest for the Orb.
     0 | D:1      | Gabide set off with the following items: a +0 mace, a +2
                  | leather armour, a +0 buckler, a +0 dagger, a ration
     0 | D:1      | Reached XP level 1. HP: 13/13 MP: 1/1
   297 | D:1      | Reached XP level 2. HP: 20/20 MP: 2/2
   326 | D:1      | Reached skill level 1 in Fighting
   762 | D:1      | Reached skill level 1 in Maces & Flails
   853 | D:1      | Reached XP level 3. HP: 22/26 MP: 3/3
  1168 | D:2      | Found an ancient bone altar of Kikubaaqudgha.
  1238 | D:2      | Reached skill level 2 in Maces & Flails
  1238 | D:2      | Reached XP level 4. HP: 32/32 MP: 4/4
  1279 | D:2      | Found a radiant altar of Vehumet.
  2124 | D:3      | Reached skill level 3 in Maces & Flails
  2444 | D:3      | Reached XP level 5. HP: 36/37 MP: 5/5
  2630 | D:3      | Found a runed translucent gate.
  2637 | D:3      | Found a runed translucent gate.
  2637 | D:3      | Noticed Descartes's ghost (amateur FoFi)
  2638 | D:3      | Noticed a big kobold
  2640 | D:3      | Found a runed translucent gate.
  2641 | D:3      | Identified the +5 whip of Honesty {chaos, *Corrode rElec
                  | rF+ Dex+6}
  2641 | D:3      | Noticed a big kobold
  3351 | D:4      | Reached skill level 4 in Maces & Flails
  3351 | D:4      | Reached XP level 6. HP: 37/44 MP: 6/6
  3710 | D:4      | Reached XP level 7. HP: 49/51 MP: 7/7
  3796 | D:4      | Reached skill level 5 in Maces & Flails
  4039 | D:4      | HP: 2/52 [poisoned by an orc wizard]
  4041 | D:4      | Succumbed to an orc wizard's poison

Levels and vault maps discovered:
D:1:      dpeg_arrival_arbitrary_c, layout_basic
D:2:      layout_basic, vehumet_crystals, first_ration, lemuel_tele_altar
D:3:      layout_loops_corners, gammafunk_ghost_nasty_kobolds
D:4:      layout_gridville, portal_sewer_entry_e

Skill      XL: |  1  2  3  4  5  6  7 |
---------------+----------------------+-----
Fighting       | 1 2 3 |  3.0
Maces & Flails | 1 2 3 4 5 |  5.2
Shields        | 2 3 |  3.2
Short Blades   | |  1.0
Axes           | |  1.0
Throwing       | |  1.0
Armour         | |  2.6
Dodging        | |  1.6
Stealth        | |  3.0

Action                   |  1- 3 |  4- 6 |  7- 9 || total
-------------------------+-------+-------+-------++-------
Melee: Mace              |    79 |   176 |    40 ||   295
       Whip              |    22 |       |       ||    22
Throw: Stone             |     5 |    26 |       ||    31
       Throwing net      |       |     1 |     1 ||     2
  Use: Scroll            |     6 |     6 |     2 ||    14
       Potion            |       |     4 |     1 ||     5
 Stab: Sleeping          |     3 |     7 |       ||    10
       Held in net/web   |       |       |     1 ||     1
  Eat: Chunk             |     1 |     7 |       ||     8
       Ration            |       |     1 |       ||     1
Armor: Leather armour    |    39 |    70 |    14 ||   123
Dodge: Dodged            |    47 |    79 |    32 ||   158
Block: Buckler           |    17 |    95 |    28 ||   140
       Reflection        |       |     4 |       ||     4
